 Dungeon Crawl Stone Soup version 0.31-a0-1626-g5cb510d322 (webtiles) character file.

Game seed: 9849432530906984104

1593 avis the Caller (level 8, 40/40 HPs)
             Began as a Felid Summoner on Jan 12, 2024.
             Was an Initiate of Gozag.
             Got out of the dungeon alive.
             The game lasted 01:13:34 (8174 turns).

avis the Caller (Felid Summoner)                    Turns: 8174, Time: 01:13:35

Health: 40/40      AC:  2    Str:  4    XL:     8   Next: 62%
Magic:  16/16      EV: 25    Int: 21    God:    Gozag
Gold:   759        SH:  0    Dex: 17    Spells: 3/17 levels left
                                        Lives:  0   Deaths: 2

rFire   . . .        (weapon unavailable)
rCold   . . .        (shield unavailable)
rNeg    + . .        (body armour unavailable)
rPois   .            (helmet unavailable)
rElec   .            (cloak unavailable)
rCorr   .            (gloves unavailable)
SInv    +            (boots unavailable)
Will    +....        (no amulet)
Stlth   ++           d - ring of positive energy
HPRegen 0.26/turn    x - +5 ring of evasion
MPRegen 0.15/turn

%: no passive effects
@: beast-form
A: beast (slay +1), very small, claws 1, fangs 3, see invisible, shaggy fur 2,
stealthy paws, no weapons or thrown items, no armour, multi-lived
a: Begin Untransformation, Renounce Religion, Potion Petition, Call Merchant,
Bribe Branch


You escaped.
You worshipped Gozag.
Gozag was pleased with you.
You were a hulking beast.
You visited 2 branches of the dungeon, and saw 8 of its levels.
You also visited: Bailey.

You collected 833 gold pieces.
You paid 74 gold pieces to Gozag.

Inventory:

Jewellery
 d - a ring of positive energy (left paw)
 p - a ring of resist corrosion
 x - a +5 ring of evasion (right paw)
 y - a ring of positive energy
Talismans
 q - a beast talisman (active)
Wands
 n - a wand of acid (8)
 r - a wand of digging (1)
Scrolls
 b - 3 scrolls of revelation {unknown}
 e - a scroll of fog {unknown}
 f - a scroll of enchant weapon {unknown}
 g - 3 scrolls of butterflies {unknown}
 h - 3 scrolls of teleportation
 k - a scroll of amnesia {unknown}
 s - 2 scrolls of poison {unknown}
 t - 2 scrolls of fear {unknown}
 u - 2 scrolls of noise {unknown}
 v - a scroll of torment {unknown}
 B - a scroll of blinking {unknown}
 C - a scroll of identify
Potions
 a - a potion of magic
 c - a potion of brilliance {unknown}
 i - 5 potions of enlightenment
 j - 2 potions of haste
 l - 3 potions of curing
 m - 2 potions of berserk rage
 o - a potion of attraction {unknown}
 w - a potion of invisibility {unknown}
 z - a potion of degeneration {unknown}
 A - a potion of lignification {unknown}


   Skills:
 + Level 3.4 Fighting
 + Level 5.6 Dodging
 - Level 2.6 Stealth
 * Level 5.1 Spellcasting
 * Level 6.4 Summonings
 * Level 3.5 Fire Magic
 + Level 1.9 Air Magic
 + Level 2.7 Shapeshifting


You had 3 spell levels left.
You knew the following spells:

 Your Spells              Type           Power      Damage    Failure   Level
a - Summon Small Mammal   Summ           100%       N/A       1%          1
c - Call Imp              Summ           64%        N/A       1%          2
d - Call Canine Familiar  Summ           32%        N/A       2%          3
g - Summon Blazeheart Go  Fire/Summ      26%        N/A       14%         4
l - Summon Lightning Spi  Summ/Air       22%        N/A       19%         4

Your spell library contained the following spells:

 Spells                   Type           Power      Damage    Failure   Level
 Foxfire                  Conj/Fire      48%        2x1d6     5%          1
 Freeze                   Ice            20%        1d4       11%         1
 Ensorcelled Hibernation  Hex/Ice        10%        N/A       16%         2
 Frozen Ramparts          Ice            10%        1d2       32%         3
 Fugue of the Fallen      Necr           5%         N/A       32%         3
 Hailstorm                Conj/Ice       5%         3d5       32%         3
 Anguish                  Hex/Necr       2%         N/A       71%         4
 Plasma Beam              Fire/Air       8%         2x1d18    99%         6
 Starburst                Conj/Fire      6%         6d4       100%        6


Dungeon Overview and Level Annotations

Branches:
Dungeon (7/15)             Temple (1/1) D:6          Bailey (visited)

Altars:
Ashenzari
Cheibriados
Dithmenos
Elyvilon
Fedhas
Gozag
Hepliaklqana
Kikubaaqudgha
Makhleb
Okawaru
Qazlal
Ru
Sif Muna
Trog
Uskayaw
Vehumet
Xom
Yredelemnul
Zin
The Shining One

Annotations:
D:5 exclusion: 2 doors


Innate Abilities, Weirdness & Mutations

You are a hulking beast.
Your limbs bulge with bestial killing power. (Slay +1)
You have sharp claws.
You have razor-sharp teeth.
You have supernaturally acute eyesight. (SInv)
You are covered in thick fur. (AC +2)
Your paws help you pounce on unaware monsters.
You are incapable of wielding weapons or throwing items.
You cannot wear armour.
You gain extra lives every three experience levels.


Message History

The orc warrior is severely wounded.
The orc warrior completely misses you.
The orc warrior hits your lightning spire with a +0 war axe.
The orc warrior hits you with a +0 war axe!
You die...
Your shape twists and changes as you die.
The orc warrior hits your lightning spire with a +0 war axe!
Your lightning spire is destroyed!
Your lightning spire disappears in a puff of smoke!
The orc warrior completely misses you.
You rejoin the land of the living...
There is a gate leading back out of this place here.
Welcome back to the Dungeon!
There is an empty arch of ancient stone here.
What level of the Dungeon? (default 1, ? - help)
There is an escape hatch in the floor here.
You enter the shallow water.
Moving in this stuff is going to be slow.
There is a stone staircase leading up here.
You climb upwards.
There is a stone staircase leading down here.
There is a stone staircase leading up here.
You climb upwards.
Level annotation: exclusion: 2 doors
There is a stone staircase leading down here.
There is a stone staircase leading up here.
You climb upwards.
There is a stone staircase leading down here.
There is a stone staircase leading up here.
You climb upwards.
There is a stone staircase leading down here.
There is a stone staircase leading up here.
You climb upwards.
There is a stone staircase leading down here.
There is a stone staircase leading up here.
You climb upwards.
There is a stone staircase leading down here.
There is an open door here.
There is a staircase leading out of the dungeon here.
You have escaped!

.......>## #..#...# #.#
#####.#.# ♣.♣...### #.#
......#.# #.......# #.#
........####......)#######.#
...........#.#.............#
...#.......#.#'+++++.#######
#♣♣♣♣##.####..+....+...#
♣P♣♣♣........+....+.#.#
♣♣.~.♣♣.####..+.h..+.#.##
♣.~~~.♣.## #..+....+.#..#
.P~~~P♣..# ##.'+++++..#.#
...~.♣♣..# #...........#
♣♣♣♣♣♣♣..# #############
♣♣♣.♣♣...# ...#.....#
...####..#
♣♣♣♣###..#########


There were no monsters in sight!

Vanquished Creatures
  A hound (D:6)
  2 gnolls
  4 orcs
  A giant cockroach (D:3)
  A jackal (D:1)
  3 kobolds
  3 bats
  A frilled lizard (D:2)
  A rat (D:1)
17 creatures vanquished.

Vanquished Creatures (collateral kills)
  A hornet (D:6)
  A yak (D:4)
  A steam dragon (D:7)
  A water moccasin (D:6)
  An ogre (D:5)
  A kobold brigand (D:6)
  A gnoll sergeant (D:4)
  2 scorpions (D:4)
  An orc priest (D:4)
  A bombardier beetle (D:4)
  6 hounds
  A jelly (D:6)
  3 orc wizards
  8 adders
  10 gnolls
  A shadow imp (D:6)
  3 dart slugs
  19 orcs
  8 ball pythons
  2 bats
  4 endoplasms
  2 giant cockroaches
  6 goblins
  4 hobgoblins
  3 jackals (D:1)
  2 frilled lizards (D:2)
  19 kobolds
  2 rats
114 creatures vanquished.

Grand Total: 131 creatures vanquished

Notes
Turn   | Place    | Note
-------+----------+-------------------------------------------
     0 | D:1      | avis the Felid Summoner began the quest for the Orb.
     0 | D:1      | Reached XP level 1. HP: 9/9 MP: 4/4
   462 | D:1      | Reached XP level 2. HP: 13/13 MP: 3/6
   517 | D:1      | Learned a level 2 spell: Call Imp
  1326 | D:2      | Identified the +8 dagger of the Spectre {vamp, MP+9}
  1616 | D:2      | Reached XP level 3. HP: 16/16 MP: 0/8
  1741 | D:2      | Learned a level 3 spell: Call Canine Familiar
  2570 | D:3      | Found a glowing golden altar of the Shining One.
  2925 | D:3      | Reached XP level 4. HP: 21/21 MP: 3/10
  2925 | D:3      | Gained a life (2 lives remaining)
  2984 | D:3      | Learned a level 4 spell: Summon Blazeheart Golem
  3445 | D:3      | HP: 1/21 [gnoll/+0 flail (7)]
  3726 | D:4      | Noticed a scorpion
  3786 | D:4      | Killed a scorpion
  3787 | D:4      | Reached XP level 5. HP: 25/25 MP: 6/11
  3802 | D:4      | Reached skill level 1 in Fighting
  3834 | D:4      | Reached skill level 1 in Fire Magic
  3834 | D:4      | Reached skill level 1 in Shapeshifting
  3975 | D:4      | Found an opulent altar of Gozag.
  3981 | D:4      | Became a worshipper of Gozag Ym Sagoz the Greedy
  4025 | D:4      | Reached skill level 5 in Summonings
  4025 | D:4      | Gained mutation: You are covered in thick fur. (AC +2)
                  | [Felid growth]
  4025 | D:4      | Reached XP level 6. HP: 12/30 MP: 4/13
  4360 | D:4      | Found a bloodstained altar of Trog.
  4516 | D:4      | Reached XP level 7. HP: 35/35 MP: 7/14
  4738 | D:4      | Found a glowing silver altar of Zin.
  4747 | D:4      | Upgraded the game from 0.31-a0-1620-gcbf77bbcfc to
                  | 0.31-a0-1626-g5cb510d322
  4763 | D:5      | Entered Level 5 of the Dungeon
  4805 | D:5      | Noticed a yak
  5008 | D:5      | Noticed a yak
  5008 | D:5      | Noticed a yak
  5008 | D:5      | Noticed a yak
  5008 | D:5      | Noticed a yak
  5009 | D:5      | Noticed a yak
  5066 | D:4      | Killed a yak
  5464 | D:5      | Learned a level 4 spell: Summon Lightning Spire
  6033 | D:5      | Reached skill level 5 in Dodging
  6461 | D:6      | Reached skill level 1 in Air Magic
  6465 | D:6      | Reached XP level 8. HP: 40/40 MP: 1/16
  6578 | D:6      | Found a staircase to the Ecumenical Temple.
  6601 | Temple   | Entered the Ecumenical Temple
  6717 | D:6      | Reached skill level 6 in Summonings
  6830 | D:6      | Noticed a hornet
  6848 | D:6      | Killed a hornet
  7186 | D:6      | Reached skill level 5 in Spellcasting
  7565 | D:7      | Found a flagged portal.
  7764 | Bailey   | Entered a bailey
  7998 | Bailey   | Mangled by an orc warrior
  7998 | Bailey   | Lost a life (1 life remaining)
  8037 | Bailey   | HP: 2/40 [orc warrior/+0 war axe (7)]
  8040 | Bailey   | Mangled by an orc warrior
  8040 | Bailey   | Lost a life (0 lives remaining)
  8174 | D:$      | Got out of the dungeon alive.

Illustrated notes

Levels and vault maps discovered:
D:1:      lightli_arrival_maybe_door_vault, layout_basic, serial_forest,
          infiniplex_forest_corner_2, infiniplex_forest_lined_corner,
          infiniplex_forest_pool, infiniplex_forest_clump_double,
          infiniplex_forest_clump_double, infiniplex_forest_lined_2,
          infiniplex_forest_clump_tiny, infiniplex_forest_straight_2,
          infiniplex_forest_clump_small
D:2:      layout_basic
D:3:      layout_loops_ring, nicolae_tso_carved_into_rock
D:4:      minmay_spotlight, layout_rooms, nicolae_overflow_crystal_walls,
          pdpol_temple_overflow_zin_treasury_gozag_greed
D:5:      layout_gridville
D:6:      layout_gridville, minmay_temple_entry_antechambers, minmay_circle_x
D:7:      minmay_the_grid_octo_tiled_octocenter [minmay_the_grid_octo_empty,
          minmay_the_grid_octo_empty, minmay_the_grid_octo_fan_narrow,
          minmay_the_grid_octo_concentric, minmay_the_grid_octo_prize_big_c,
          minmay_the_grid_square_5x5_three_small,
          minmay_the_grid_square_5x5_n_small, minmay_the_grid_square_5x5_three,
          minmay_the_grid_square_5x5_c], layout_loops_ring, enter_bailey_5,
          serial_glass, glass_columns_b, glass_columns_a, glass_columns_b,
          glass_columns_c, glass_columns_a, glass_columns_a, glass_columns_b,
          glass_columns_c, glass_columns_a, glass_columns_c
Temple:   kb_temple_of_zot

Skill      XL: |  1  2  3  4  5  6  7  8 |
---------------+-------------------------+-----
Spellcasting   | 3 4 5 |  5.1
Dodging        | 3 4 5 |  5.6
Fighting       | 1 2 3 |  3.4
Fire Magic     | 1 2 3 |  3.5
Shapeshifting  | 1 2 |  2.7
Summonings     | 5 6 |  6.4
Air Magic      | 1 |  1.9
Stealth        | |  2.6

Action                     |  1- 3 |  4- 6 |  7- 9 || total
---------------------------+-------+-------+-------++-------
  Melee: Unarmed           |    22 |    18 |    28 ||    68
         Bite              |     2 |     3 |     2 ||     7
         Punch             |       |       |     2 ||     2
   Cast: Summon Small Mamm |    41 |    24 |    42 ||   107
         Call Imp          |    12 |    13 |    23 ||    48
         Call Canine Famil |     8 |    14 |    27 ||    49
         Summon Blazeheart |       |       |     1 ||     1
         Summon Lightning  |       |       |     9 ||     9
    Use: Scroll            |       |       |     6 ||     6
         Potion            |       |       |     1 ||     1
   Stab: Sleeping          |     3 |     1 |       ||     4
         Distracted        |       |       |     1 ||     1
 Armour: Skin              |     8 |    11 |    21 ||    40
  Dodge: Dodged            |    24 |    38 |    74 ||   136
   Form: Beast             |       |       |     1 ||     1

Table legend: (Time is in decaauts)
 A = Elapsed time spent in this place.
 B = Non-inter-level travel time spent in this place.
 C = Inter-level travel time spent in this place.
 D = Time resting spent in this place.
 E = Time spent auto-exploring this place.
 F = Levels seen in this place.
 G = Mean time per level.
                   A        B        C        D        E       F      G
               +--------+--------+--------+--------+--------+-----+--------+
         Total |   8182 |   7435 |    747 |   1627 |   3378 |   9 |  909.1 |
       Dungeon |   7861 |   7134 |    727 |   1557 |   3378 |   7 | 1123.0 |
        Temple |     38 |     18 |     20 |      0 |      0 |   1 |   38.0 |
        Bailey |    282 |    282 |      0 |     70 |      0 |   1 |  282.0 |
               +--------+--------+--------+--------+--------+-----+--------+

Top non-repeatable levels by time:
     D:2: 1503 daAuts
     D:5: 1392 daAuts
     D:4: 1333 daAuts
     D:6: 1253 daAuts
     D:3: 1166 daAuts
     D:1: 1022 daAuts
  Bailey: 282 daAuts
     D:7: 190 daAuts
  Temple: 38 daAuts
